 Dungeon Crawl Stone Soup version 0.27.1-33-g824d729ab1 (webtiles) character file.

Game seed: 11966984931903341913

1554 MisterFreud the Nimble (level 8, -6/57 HPs)
             Began as a Felid Berserker on Dec 1, 2021.
             Was an Elder of Trog.
             Mangled by a yak (16 damage)
             ... on level 6 of the Dungeon.
             The game lasted 00:06:40 (6588 turns).

MisterFreud the Nimble (Felid Berserker)            Turns: 6588, Time: 00:06:40

Health: -6/57      AC:  2    Str: 13    XL:     8   Next: 57%
Magic:  9/9        EV: 24    Int:  8    God:    Trog [****..]
Gold:   184        SH:  0    Dex: 18    Spells: 7/7 levels left
                                        Lives:  0   Deaths: 2

rFire    . . .     SeeInvis +     - Unarmed
rCold    . . .     Faith    .   (shield unavailable)
rNeg     . . .     Spirit   .   (armour unavailable)
rPois    .         Reflect  .   (helmet unavailable)
rElec    .         Harm     .   (cloak unavailable)
rCorr    .         Rampage  .   (gloves unavailable)
Will     +....                  (boots unavailable)
Stlth    ..........             (no amulet)
HPRegen  0.19/turn              (no ring)
MPRegen  0.11/turn              (no ring)

@: berserking, very quick
A: very small, claws 1, fangs 3, see invisible, speed 1, shaggy fur 2, stealthy
paws, no weapons or thrown items, no armour, multi-lived
a: Renounce Religion, Berserk, Trog's Hand, Brothers in Arms


You were on level 6 of the Dungeon.
You worshipped Trog.
Trog was greatly pleased with you.
You visited 1 branch of the dungeon, and saw 6 of its levels.

You collected 184 gold pieces.

Inventory:

Wands
 o - a wand of iceblast (11)
Scrolls
 a - 3 scrolls of teleportation {unknown}
 c - 5 scrolls of identify
 f - a scroll of enchant weapon {unknown}
 h - a scroll of blinking {unknown}
 j - a scroll of fear {unknown}
 n - a scroll of noise {unknown}
 p - 2 scrolls of immolation {unknown}
 q - a scroll of brand weapon {unknown}
 r - a scroll of fog {unknown}
Potions
 b - a potion of degeneration {unknown}
 d - a potion of berserk rage {unknown}
 e - 3 potions of curing
 g - a potion of magic {unknown}
 i - 2 potions of heal wounds
 k - a potion of brilliance {unknown}
 l - 2 potions of haste {unknown}
 m - a potion of might {unknown}


   Skills:
 - Level 6.0 Fighting
 - Level 10.0 Dodging
 + Level 8.2 Stealth
 + Level 7.1 Unarmed Combat


You had 7 spell levels left.
You didn't know any spells.
Your spell library was empty.

Dungeon Overview and Level Annotations

Branches:
Dungeon (6/15)             Temple (0/1) D:5

Altars:
Fedhas
Qazlal

Annotations:
D:6 1 runed translucent door, Crazy Yiuf


Innate Abilities, Weirdness & Mutations

You have sharp claws.
You have razor-sharp teeth.
You have supernaturally acute eyesight. (SInv)
You cover ground quickly. (Speed+)
You are covered in thick fur. (AC +2)
Your paws help you pounce on unaware monsters.
You are incapable of wielding weapons or throwing items.
You cannot wear armour.
You gain extra lives every three experience levels.


Message History

The phantom is severely damaged.
The phantom hits you.
You scratch the phantom. You bite the phantom.
The phantom is almost destroyed.
The phantom hits you!
The phantom blinks!
You blink.
An ogre comes into view. It is wielding a +0 giant club.
Found 13 gold pieces.
The ogre moves out of view.
You closely miss the phantom.
The phantom is almost destroyed.
The phantom misses you.
You closely miss the phantom. You claw the phantom.
The phantom is almost destroyed.
The phantom closely misses you.
You barely miss the phantom.
The phantom is almost destroyed.
The phantom misses you.
You scratch the phantom.
You destroy the phantom!
Trog accepts your kill.
No target in view!
An ogre is nearby!
An ogre is nearby!
A yak comes into view.
There is a large open door here.
The ogre shouts!
The yak bellows!
You see here a +0 flail.
You see here a +0 giant club.
Things that are here:
a +0 short sword; an orc skeleton A yak is nearby!
A red film seems to cover your vision as you go berserk!
You feel yourself moving faster!
You feel mighty! The yak gores you!
You mangle the yak!!
The yak is heavily wounded.
The yak gores you!
* * * LOW HITPOINT WARNING * * *
You claw the yak!
The yak is severely wounded.
The yak gores you!
You die...

#.....'.......
####..#....... #.
#..#.......
#...###..#.....=.
...!'....##......
#....###)## #....$ #..
#O# #.... ## .. .. #Y#
#... .# ..###. #@# .#
......#####.# )#
#..........#'##### ##
#.......##.......#
#........+.......#
#.....#..#.......#
#.....#..#.......#
#..##.#....#'###########
#..##..<...#.# #.......#


You could see a yak and an ogre.

Vanquished Creatures
  A gargoyle (D:5)
  A shadow (D:6)
  Menkaure (D:6)
  Duvessa (D:6)
  2 black bears
  4 ogres
  2 necrophages
  2 phantoms
  A water moccasin zombie (D:5)
  Dowan (D:6)
  2 scorpions (D:4)
  3 hounds (D:5)
  3 bullfrog skeletons
  An orc priest (D:6)
  An iguana (D:6)
  A scorpion zombie (D:5)
  2 orc wizards (D:5)
  A killer bee zombie (D:6)
  A howler monkey zombie (D:4)
  8 adders
  3 gnolls
  A white imp (D:6)
  An ufetubus (D:6)
  2 adder skeletons (D:4)
  3 worms
  4 dart slugs
  15 orcs
  3 bats (D:1)
  9 endoplasms
  A giant cockroach (D:2)
  11 goblins
  14 hobgoblins
  4 jackals (D:1)
  2 quokkas (D:1)
  6 ball pythons
  2 frilled lizards
  13 kobolds
  3 rats
136 creatures vanquished.

Notes
Turn   | Place    | Note
-------+----------+-------------------------------------------
     0 | D:1      | MisterFreud the Felid Berserker began the quest for the
                  | Orb.
     0 | D:1      | Reached XP level 1. HP: 10/10 MP: 2/2
   361 | D:1      | Reached skill level 1 in Stealth
   427 | D:1      | Reached XP level 2. HP: 14/14 MP: 3/3
   722 | D:1      | Reached ** piety under Trog
   871 | D:1      | Reached XP level 3. HP: 13/17 MP: 4/4
  1631 | D:2      | Reached XP level 4. HP: 16/21 MP: 5/5
  2763 | D:3      | Reached *** piety under Trog
  2805 | D:3      | Found a blossoming altar of Fedhas.
  2806 | D:3      | Found a stormy altar of Qazlal.
  2861 | D:3      | Reached XP level 5. HP: 15/24 MP: 6/6
  2989 | D:3      | Found a faded altar of an unknown god.
  3484 | D:4      | Noticed a necrophage
  3495 | D:4      | Killed a necrophage
  3496 | D:4      | Reached skill level 5 in Stealth
  3496 | D:4      | Reached skill level 5 in Unarmed Combat
  3652 | D:4      | Gained mutation: You are covered in thick fur. (AC +2)
                  | [Felid growth]
  3652 | D:4      | Reached XP level 6. HP: 28/28 MP: 7/7
  3941 | D:4      | Reached skill level 5 in Dodging
  4213 | D:5      | Entered Level 5 of the Dungeon
  4294 | D:5      | Reached skill level 6 in Dodging
  4294 | D:5      | Reached XP level 7. HP: 26/31 MP: 8/8
  4489 | D:5      | Reached skill level 7 in Dodging
  4772 | D:5      | Found a faded altar of an unknown god.
  4790 | D:5      | Reached **** piety under Trog
  4791 | D:5      | Reached skill level 8 in Dodging
  4860 | D:5      | Noticed a gargoyle
  4883 | D:5      | Reached skill level 9 in Dodging
  4973 | D:5      | Reached XP level 8. HP: 19/34 MP: 9/9
  5170 | D:5      | Killed from afar by a gargoyle
  5171 | D:5      | Reached XP level 7. HP: 0/46 MP: 8/8
  5193 | D:5      | Slain by a gargoyle
  5194 | D:5      | Reached XP level 6. HP: -5/42 MP: 7/7
  5219 | D:5      | Killed a gargoyle
  5220 | D:5      | Reached skill level 10 in Dodging
  5220 | D:5      | Reached XP level 7. HP: 33/33 MP: 8/8
  5294 | D:5      | Found a staircase to the Ecumenical Temple.
  5367 | D:5      | Reached skill level 5 in Fighting
  5798 | D:6      | Noticed a shadow
  5806 | D:6      | Noticed Duvessa
  5844 | D:6      | Killed a shadow
  5845 | D:6      | Reached XP level 8. HP: 15/38 MP: 9/9
  6038 | D:6      | Noticed Dowan
  6058 | D:6      | Killed Duvessa
  6061 | D:6      | Killed Dowan
  6155 | D:6      | Found a runed translucent door.
  6156 | D:6      | Noticed Crazy Yiuf
  6193 | D:6      | Identified the +9 great sword of Toilicw {vorpal, rElec
                  | rCorr}
  6245 | D:6      | Noticed Menkaure
  6252 | D:6      | Killed Menkaure
  6588 | D:6      | Mangled by a yak

Illustrated notes

Levels and vault maps discovered:
D:1:      eino_arrival_druids_welcome, layout_loops_ring
D:2:      layout_loops_ring
D:3:      layout_basic, grunt_temple_overflow_forces_of_nature,
          shapermc_ecumenical_altar_ellora, minmay_goblin_kobold_house
D:4:      layout_basic, grunt_decor_cap
D:5:      black_bear_nest_1, layout_cave_pools, temple_doors_ab,
          serial_column_ruins, column_ruins_hut_pillars,
          column_ruins_temple_hall, column_ruins_corridor_straight,
          column_ruins_open_tiny, column_ruins_open_small,
          column_ruins_open_tiny, column_ruins_grid_4,
          kennysheep_generic_room_12
D:6:      kennysheep_big_flooded_room, layout_basic, minmay_circle_x,
          uniq_duvessa, uniq_menkaure, uniq_crazy_yiuf_cottage

Skill      XL: |  1  2  3  4  5  6  7  8 |
---------------+-------------------------+-----
Stealth        | 1 2 3 4 6 8 |  8.2
Unarmed Combat | 4 5 6 7 |  7.1
Dodging        | 10 9 | 10.0
Fighting       | 4 6 |  6.0

Action                   |  1- 3 |  4- 6 |  7- 9 || total
-------------------------+-------+-------+-------++-------
Melee: Unarmed           |   100 |   141 |   186 ||   427
       Bite              |    10 |    17 |    26 ||    53
       Punch             |       |     4 |     4 ||     8
Invok: Berserk           |     5 |     5 |    11 ||    21
       Trog's Hand       |       |       |     3 ||     3
  Use: Scroll            |       |       |     2 ||     2
 Stab: Sleeping          |     5 |    13 |     4 ||    22
Armor: Skin              |     2 |     6 |    10 ||    18
Dodge: Dodged            |    60 |    66 |   179 ||   305
